 Dungeon Crawl Stone Soup version 0.31.0-32-g396128a36d (webtiles) character file.

Game seed: 1449962396288525499

74 RatsInWalls the Ruffian (level 3, 0/29 HPs)
             Began as a Demigod Shapeshifter on Mar 10, 2024.
             Slain by Terence
             ... wielding a +0 flail
              (9 damage)
             ... on level 2 of the Dungeon.
             The game lasted 00:05:29 (1539 turns).

RatsInWalls the Ruffian (Demigod Shapeshifter)      Turns: 1539, Time: 00:05:30

Health: 0/29       AC:  3    Str: 19    XL:     3   Next: 86%
Magic:  5/5        EV: 11    Int: 12    God:
Gold:   113        SH:  4    Dex: 13    Spells: 2/2 levels left

rFire   . .          .
                       - Unarmed
rCold   . . .        k - +0 buckler
rNeg    . . .        f - +0 leather armour
rPois   .            (helmet currently unavailable)
rElec   .            (cloak currently unavailable)
rCorr   .            (gloves currently unavailable)
SInv    .            (boots currently unavailable)
Will    .....        (no amulet)
Stlth   +            (no ring)
HPRegen 0.24/turn    (no ring)
MPRegen 0.09/turn

%: no passive effects
@: beast-form
A: beast (slay +1), high MP 1, forlorn, divine attributes
a: Begin Untransformation


You were on level 2 of the Dungeon.
You were a hulking beast.
You visited 1 branch of the dungeon, and saw 4 of its levels.

You collected 113 gold pieces.

Inventory:

Missiles
 j - 14 stones (quivered)
Armour
 f - a +0 leather armour (worn)
 k - a +0 buckler (worn)
 p - a +1 pair of gloves
Jewellery
 q - a ring of flight
Talismans
 c - a beast talisman
 d - a flux talisman
Wands
 o - a wand of charming (7)
Scrolls
 a - 2 scrolls of identify {unknown}
 g - a scroll of fear {unknown}
 i - a scroll of torment {unknown}
 l - 2 scrolls of teleportation {unknown}
 m - a scroll of vulnerability {unknown}
 n - a scroll of immolation {unknown}
Potions
 b - a potion of lignification
 e - 2 potions of resistance {unknown}
 h - a potion of invisibility {unknown}


   Skills:
 + Level 2.0 Fighting
 + Level 2.3 Dodging
 + Level 0.8 Shields
 + Level 3.1 Unarmed Combat
 + Level 3.0 Shapeshifting


You had 2 spell levels left.
You didn't know any spells.
Your spell library was empty.

Dungeon Overview and Level Annotations

Branches:
Dungeon (4/15)
 Temple: D:4-7

Shops:
D:1 [

Annotations:
D:2 Terence
D:3 Grinder


Innate Abilities, Weirdness & Mutations

You are a hulking beast.
Your limbs bulge with bestial killing power. (Slay +1)
You have an increased reservoir of magic. (+10% MP)
You shall have no god before yourself.
Your divine heritage dramatically boosts your attributes as you level up.


Message History

You hit the bat.
You kill the bat!
j - 14 stones (gained 2) Terence the Incautious comes into view.
He is wielding a +0 flail and wearing a +3 ring mail of poison resistance.
Terence shouts!
Okay, then.
Okay, then.
You hit Terence but do no damage. Terence hits you with a +0 flail!
You closely miss Terence. You block Terence's attack.
You barely miss Terence. You punch Terence!
Terence is moderately wounded.
Terence hits you with a +0 flail.
You hit Terence.
Terence is heavily wounded.
Terence hits you with a +0 flail.
You hit Terence.
Terence is severely wounded.
Terence hits you with a +0 flail.
You hit Terence.
Terence is almost dead.
Terence barely misses you.
You barely miss Terence.
Terence is almost dead.
Terence barely misses you.
You completely miss Terence.
Terence is almost dead.
Terence hits you with a +0 flail.
* * * LOW HITPOINT WARNING * * *
You hit Terence but do no damage.
Terence is almost dead.
Terence barely misses you.
You closely miss Terence.
Terence is almost dead.
Terence barely misses you.
You barely miss Terence.
Terence is almost dead.
Terence hits you with a +0 flail!
You die...
Terence says, "That felt goooood."

#. #.#
#..........#
#.... #. #.#
######.#####
#..## # #.#
#..# #. #.#
#..# # #@
##.#######..##
#.##.#
#.............
.....
#..#######.###
#..#######..#
#.###
#....@h.....#
#....
##..........#
#####
############


You could see Terence.

Vanquished Creatures
  Jessica (D:2)
  An adder (D:4)
  2 dart slugs (D:1)
  2 endoplasms
  3 giant cockroaches
  2 hobgoblins
  A kobold (D:1)
  2 quokkas
  5 ball pythons
  8 bats
  4 goblins (D:1)
  5 rats
36 creatures vanquished.

Notes
Turn   | Place    | Note
-------+----------+-------------------------------------------
     0 | D:1      | RatsInWalls the Demigod Shapeshifter began the quest for
                  | the Orb.
     0 | D:1      | Reached XP level 1. HP: 15/15 MP: 3/3
    25 | D:1      | Reached skill level 1 in Fighting
   308 | D:1      | Reached XP level 2. HP: 19/23 MP: 4/4
   490 | D:1      | Found Ylof's Antique Armour Shop.
  1065 | D:2      | Noticed Jessica
  1075 | D:2      | Killed Jessica
  1076 | D:2      | Reached XP level 3. HP: 25/29 MP: 5/5
  1264 | D:2      | You fall into a shaft and drop 2 floors!
  1372 | D:3      | Noticed Grinder
  1521 | D:2      | Noticed Terence
  1539 | D:2      | Slain by Terence

Illustrated notes

Levels and vault maps discovered:
D:1:      saegor_arrival_simple_e, layout_basic, serial_shops, shop,
          minmay_liquid_box, minmay_misc_feat_x
D:2:      layout_loops_ring, uniq_terence, uniq_jessica
D:3:      layout_loops_ring, gammafunk_ghost_stat_death, corner_web_ring,
          dk_vineyard_3, minmay_misc_feat_chi, uniq_grinder,
          uniq_crazy_yiuf_cottage, uniq_pargi, uniq_robin
D:4:      layout_cave_pools, mainiacjoe_overflow_divided_tiny

Skill      XL: |  1  2  3 |
---------------+----------+-----
Fighting       | 1 2 |  2.0
Dodging        | 2 |  2.3
Unarmed Combat | 3 |  3.1
Shapeshifting  | 3 |  3.0
Shields        | |  0.8

Action                     || total
---------------------------++-------
  Melee: Unarmed           ||   130
   Stab: Sleeping          ||     2
 Armour: Animal skin       ||    10
         Leather armour    ||    50
  Dodge: Dodged            ||    62
  Block: Buckler           ||     6
